 Dungeon Crawl Stone Soup version 0.27.1-34-g3ba077fa99 (webtiles) character file.

Game seed: 14658012701250796519

4675 alasdair19 the Protected (level 10, -19/86 HPs)
             Began as a Minotaur Fighter on Feb 4, 2022.
             Was a Priest of Okawaru.
             Killed from afar by a gargoyle (21 damage)
             ... with a stone arrow
             ... on level 8 of the Dungeon.
             The game lasted 00:21:15 (10612 turns).

alasdair19 the Protected (Minotaur Fighter)        Turns: 10612, Time: 00:21:15

Health: -19/86     AC: 11    Str: 23    XL:     10   Next: 21%
Magic:  12/12      EV:  8    Int:  6    God:    Okawaru [***...]
Gold:   438        SH: 12    Dex: 10    Spells: 9/9 levels left

rFire    . . .     SeeInvis .   e - +0 falchion (freeze)
rCold    . . .     Faith    .   c - +1 kite shield
rNeg     . . .     Spirit   .   r - +0 chain mail
rPois    .         Reflect  .   (helmet restricted)
rElec    .         Harm     .   (no cloak)
rCorr    .         Rampage  .   (no gloves)
Will     .....                  (no boots)
Stlth    ..........             (no amulet)
HPRegen  0.24/turn              (no ring)
MPRegen  0.13/turn              (no ring)

@: studying Dodging
A: horns 2, retaliatory headbutt
a: Renounce Religion, Heroism


You were on level 8 of the Dungeon.
You worshipped Okawaru.
Okawaru was most pleased with you.
You visited 2 branches of the dungeon, and saw 9 of its levels.

You collected 438 gold pieces.

Inventory:

Hand Weapons
 e - a +0 falchion of freezing (weapon)
 q - a +2 hunting sling of freezing
Missiles
 l - 54 sling bullets
Armour
 c - a +1 kite shield (worn)
 r - a +0 chain mail (worn)
Wands
 d - a wand of flame (38)
Scrolls
 a - 3 scrolls of teleportation
 b - a scroll of blinking {unknown}
 h - a scroll of fog {unknown}
 k - 2 scrolls of fear {unknown}
 m - 2 scrolls of amnesia {unknown}
 n - a scroll of magic mapping {unknown}
 s - 2 scrolls of enchant weapon {unknown}
 t - a scroll of acquirement {unknown}
Potions
 f - 2 potions of mutation {unknown}
 g - 7 potions of flight
 i - a potion of cancellation {unknown}
 j - 2 potions of invisibility {unknown}
 o - 2 potions of curing


   Skills:
 + Level 7.1 Fighting
 + Level 9.0 Long Blades
 + Level 4.9 Slings
 + Level 9.0 Armour
 - Level 2.5 Dodging
 - Level 1.0 Stealth
 + Level 8.9 Shields
 * Level 4.7 Invocations


You had 9 spell levels left.
You didn't know any spells.
Your spell library contained the following spells:

 Spells                   Type           Power      Damage    Failure   Level
 Dazzling Flash           Conj/Hex       0%         N/A       100%        3
 Iskenderun's Mystic Bla  Conj/Tloc      0%         2d3       100%        4
 Conjure Ball Lightning   Conj/Air       0%         3x3d6     100%        6
 Starburst                Conj/Fire      0%         6d3       100%        6
 Discord                  Hex            0%         N/A       100%        8
 Disjunction              Tloc           0%         N/A       100%        8


Dungeon Overview and Level Annotations

Branches:
Dungeon (8/15)             Temple (1/1) D:6
   Lair: D:8-11

Altars:
Ashenzari
Cheibriados
Dithmenos
Elyvilon
Fedhas
Gozag
Hepliaklqana
Kikubaaqudgha
Nemelex Xobeh
Okawaru
Qazlal
Ru
Sif Muna
Trog
Uskayaw
Vehumet
Wu Jian
Xom
Yredelemnul
Zin
The Shining One

Shops:
D:1 *

Annotations:
D:3 3 runed translucent doors, Hydra2011's ghost, amateur OpTm; Jazqba's ghost, weakling HOSu; gaukoo's ghost, amateur GrEE


Innate Abilities, Weirdness & Mutations

You have a pair of horns on your head.
You reflexively headbutt those who attack you in melee.


Message History

You block the gargoyle's attack.
You closely miss the gargoyle.
You headbutt the gargoyle, but do no damage.
The gargoyle is lightly damaged.
You block the gargoyle's attack.
You hit the gargoyle but do no damage.
You headbutt the gargoyle, but do no damage.
The gargoyle is lightly damaged.
The gargoyle hits you with a +0 mace!
You hit the gargoyle but do no damage.
The gargoyle is lightly damaged.
The gargoyle hurls a stone arrow at you.
You block the stone arrow.
You slash the gargoyle! You freeze the gargoyle.
The gargoyle is heavily damaged.
You block the gargoyle's attack.
You hit the gargoyle but do no damage.
The gargoyle is heavily damaged.
You block the gargoyle's attack.
You hit the gargoyle. You freeze the gargoyle.
The gargoyle is severely damaged.
The gargoyle hits you with a +0 mace!
* * * LOW HITPOINT WARNING * * *
You barely miss the gargoyle.
You headbutt the gargoyle, but do no damage.
The gargoyle is severely damaged.
The gargoyle hurls a stone arrow at you.
The stone arrow hits you.
* * * LOW HITPOINT WARNING * * *
You hit the gargoyle but do no damage.
You headbutt the gargoyle, but do no damage.
The gargoyle is severely damaged.
The gargoyle hits you with a +0 mace!
* * * LOW HITPOINT WARNING * * *
Your shield prevents you from hitting the gargoyle.
You headbutt the gargoyle, but do no damage.
The gargoyle is severely damaged.
The gargoyle hurls a stone arrow at you.
The stone arrow hits you!!
You die...

###.## ##########..........
#####...# #........#>
))9...### #........##
####...# ##......... #.#9#
#.#######. #.#.# #.# #.
#.#.# #.########
#.#.########### #.........
#...........9@# ##########
###.########### #.# #.# #.#
#.# #.#
#.##########################
#...........................


You could see a gargoyle.

Vanquished Creatures
  A two-headed ogre (D:7)
  2 gargoyles (D:8)
  Grinder (D:6)
  A basilisk (D:7)
  A steam dragon (D:8)
  2 water moccasins
  Duvessa (D:7)
  A hornet zombie (D:7)
  3 black bears
  3 necrophages (D:7)
  6 ogres
  2 centaurs
  Blork the orc (D:6)
  A bullfrog (D:7)
  2 scorpions
  2 wyvern zombies (D:7)
  Dowan (D:7)
  2 wights (D:7)
  3 howler monkeys (D:7)
  2 bullfrog zombies
  A centaur zombie (D:5)
  6 hounds
  A human zombie (D:7)
  A jelly (D:6)
  An orc priest (D:6)
  A gnoll shaman (D:4)
  A centaur skeleton (D:6)
  Jessica (D:2)
  Ijyb (D:4)
  2 iguanas
  An orc wizard (D:3)
  A mummy (D:7)
  A howler monkey zombie (D:7)
  A howler monkey skeleton (D:4)
  7 adders
  An ufetubus (D:6)
  3 worms
  4 dart slugs
  19 orcs
  8 endoplasms
  2 giant cockroaches
  7 goblins
  11 hobgoblins
  6 quokkas
  12 ball pythons
  6 bats
  7 frilled lizards
  13 kobolds
  A quokka skeleton (D:4)
  10 rats
175 creatures vanquished.

Vanquished Creatures (others)
  4 withered plants (D:3)
4 creatures vanquished.

Grand Total: 179 creatures vanquished

Notes
Turn   | Place    | Note
-------+----------+-------------------------------------------
     0 | D:1      | alasdair19 the Minotaur Fighter began the quest for the
                  | Orb.
     0 | D:1      | Reached XP level 1. HP: 19/19 MP: 0/0
   294 | D:1      | Reached XP level 2. HP: 25/27 MP: 1/1
   509 | D:1      | Found a faded altar of an unknown god.
   678 | D:1      | Reached XP level 3. HP: 31/33 MP: 2/2
  1003 | D:1      | Found Omanian's General Store.
  1784 | D:2      | Noticed Jessica
  1785 | D:2      | Reached XP level 4. HP: 40/40 MP: 3/3
  1797 | D:2      | Killed Jessica
  2162 | D:3      | Found a runed translucent gate.
  2162 | D:3      | Found a runed translucent gate.
  2162 | D:3      | Found a runed translucent gate.
  2162 | D:3      | Noticed Hydra2011's ghost (amateur OpTm)
  2162 | D:3      | Noticed Jazqba's ghost (weakling HOSu)
  2162 | D:3      | Noticed gaukoo's ghost (amateur GrEE)
  2255 | D:3      | Reached skill level 1 in Dodging
  2255 | D:3      | Reached XP level 5. HP: 15/47 MP: 4/4
  3429 | D:4      | Reached skill level 5 in Shields
  3554 | D:4      | Noticed Ijyb
  3574 | D:4      | Killed Ijyb
  3575 | D:4      | Reached skill level 1 in Slings
  4071 | D:4      | Reached XP level 6. HP: 53/53 MP: 5/5
  4627 | D:4      | Reached skill level 5 in Armour
  4832 | D:4      | Reached skill level 5 in Fighting
  5007 | D:4      | Reached XP level 7. HP: 39/61 MP: 6/6
  5358 | D:5      | Entered Level 5 of the Dungeon
  5400 | D:5      | Reached skill level 5 in Long Blades
  5990 | D:5      | Found a sacrificial altar of Ru.
  6008 | D:5      | Reached XP level 8. HP: 65/69 MP: 7/7
  6077 | D:5      | Identified the +0 leather armour of Compression {Rampage
                  | Int+3}
  6269 | D:6      | Found a staircase to the Ecumenical Temple.
  6275 | Temple   | Entered the Ecumenical Temple
  6440 | Temple   | Became a worshipper of Warmaster Okawaru
  6553 | D:6      | Found a radiant altar of Vehumet.
  6553 | D:6      | Noticed Grinder
  6567 | D:6      | Paralysed by Grinder for 4 turns
  6579 | D:6      | Paralysed by Grinder for 5 turns
  6590 | D:6      | HP: 2/69 [Grinder/nerve-wracking pain (13)]
  6591 | D:6      | Paralysed by Grinder for 6 turns
  6597 | D:6      | Killed Grinder
  6598 | D:6      | Reached skill level 1 in Stealth
  6937 | D:6      | Reached skill level 1 in Invocations
  7110 | D:6      | Reached * piety under Okawaru
  7597 | D:6      | Noticed Blork the orc
  7611 | D:6      | Killed Blork the orc
  7836 | D:7      | Found Umiuz's Armour Boutique.
  7944 | D:7      | Reached XP level 9. HP: 65/75 MP: 9/9
  8585 | D:7      | Reached ** piety under Okawaru
  8619 | D:7      | Found an ancient bone altar of Kikubaaqudgha.
  8858 | D:7      | Noticed Dowan
  8859 | D:7      | Noticed Duvessa
  8876 | D:7      | Killed Duvessa
  8877 | D:7      | Killed Dowan
  9119 | D:7      | Noticed a two-headed ogre
  9361 | D:7      | Killed a two-headed ogre
  9361 | D:7      | Reached *** piety under Okawaru
  9723 | D:7      | Reached XP level 10. HP: 82/84 MP: 12/12
 10119 | D:8      | Noticed a gargoyle
 10138 | D:8      | Killed a gargoyle
 10153 | D:8      | Noticed a gargoyle
 10373 | D:8      | Noticed a gargoyle
 10404 | D:8      | Killed a gargoyle
 10503 | D:8      | Noticed a gargoyle
 10611 | D:8      | HP: 1/86 [gargoyle (12)]
 10612 | D:8      | Killed from afar by a gargoyle

Illustrated notes

Levels and vault maps discovered:
D:1:      mushboom_english_gardens, layout_basic,
          ebering_ecumenical_altar_sacrificial, serial_shops, shop_statue,
          chequers_serial_rivers_room_b
D:2:      layout_loops_cross, minmay_diced_spiral, uniq_jessica
D:3:      layout_basic, gammafunk_ghost_cemetery, kennysheep_doodads
D:4:      minmay_clustersquares, layout_loops_corners, saegor_snake_ambush,
          uniq_ijyb
D:5:      layout_rooms, kennysheep_mini
D:6:      layout_loops_corners, nicolae_vehumet_altar_sigil,
          minmay_temple_entry_hall, uniq_grinder, uniq_blork_the_orc
D:7:      layout_gridville, lemuel_mausoleum_altar_kikubaaqudgha, serial_shops,
          shop, minmay_holes, minmay_manual_monstrance, uniq_duvessa
D:8:      cheibrodos_statue_roulette, layout_basic
Temple:   regret_index_temple_mists

Skill      XL: |  1  2  3  4  5  6  7  8  9 10 |
---------------+-------------------------------+-----
Armour         | 4 5 6 7 8 9 |  9.0
Shields        | 4 5 6 7 8 |  8.9
Long Blades    | 3 4 5 6 8 9 |  9.0
Fighting       | 4 5 6 7 |  7.1
Dodging        | 1 2 |  2.5
Slings         | 1 2 3 4 |  4.9
Stealth        | 1 |  1.0
Invocations    | 2 4 |  4.7

Action                   |  1- 3 |  4- 6 |  7- 9 | 10-12 || total
-------------------------+-------+-------+-------+-------++-------
Melee: Long sword        |    91 |    78 |       |       ||   169
       Headbutt          |    15 |    31 |    82 |    19 ||   147
       Falchion          |       |    67 |   313 |    58 ||   438
 Fire: Hunting sling     |    12 |    30 |    24 |     2 ||    68
Invok: Heroism           |       |       |     1 |     2 ||     3
  Use: Scroll            |     4 |     1 |     3 |     1 ||     9
       Potion            |       |     2 |     2 |       ||     4
Armor: Scale mail        |    34 |    73 |    24 |       ||   131
       Chain mail        |       |       |    73 |    11 ||    84
Dodge: Dodged            |    31 |    47 |    61 |     2 ||   141
Block: Kite shield       |    48 |    88 |   182 |    32 ||   350
       Rpst.: Long sword |     9 |     7 |       |       ||    16
       Falchion          |       |     5 |    16 |     1 ||    22
